 Dungeon Crawl Stone Soup version 0.27.0-1-g7a089689b8 (webtiles) character file.

Game seed: 10784089323118204293

63 horus123 the Magician (level 3, -1/19 HPs)
             Began as a Deep Elf Hedge Wizard on Aug 14, 2021.
             Slain by a worm (10 damage)
             ... on level 3 of the Dungeon.
             The game lasted 00:07:22 (2605 turns).

horus123 the Magician (Deep Elf Hedge Wizard)       Turns: 2605, Time: 00:07:22

Health: -1/19      AC:  2    Str:  7    XL:     3   Next: 87%
Magic:  1/12       EV: 12    Int: 19    God:
Gold:   112        SH:  0    Dex: 14    Spells: 8/13 levels left

rFire    . . .     SeeInvis .   a - +0 dagger
rCold    . . .     Faith    .   (no shield)
rNeg     + . .     Spirit   .   b - +0 robe
rPois    .         Reflect  .   c - +0 hat
rElec    .         Harm     .   (no cloak)
rCorr    .         Rampage  .   (no gloves)
Will     .....                  (no boots)
Stlth    ++........             (no amulet)
HPRegen  0.06/turn              e - ring of positive energy
MPRegen  0.13/turn              (no ring)

@: no status effects
A: no striking features
a: no special abilities


You were on level 3 of the Dungeon.
You visited 1 branch of the dungeon, and saw 3 of its levels.

You collected 112 gold pieces.

Inventory:

Hand Weapons
 a - a +0 dagger (weapon)
 k - a +2 vorpal trident
Armour
 b - a +0 robe (worn)
 c - a +0 hat (worn)
Jewellery
 e - a ring of positive energy (left hand)
Scrolls
 f - 2 scrolls of identify
 g - a scroll of teleportation {unknown}
 i - a scroll of enchant armour {unknown}
 j - a scroll of amnesia {unknown}
Potions
 d - a potion of cancellation
 h - a potion of curing {unknown}


   Skills:
 + Level 2.4 Dodging
 + Level 2.7 Stealth
 + Level 5.8 Spellcasting
 + Level 2.3 Conjurations
 + Level 0.9 Hexes
 + Level 1.1 Summonings
 + Level 1.1 Translocations


You had 8 spell levels left.
You knew the following spells:

 Your Spells              Type           Power      Damage    Failure   Level
a - Magic Dart            Conj           56%        1d5       4%          1
b - Slow                  Hex            9%         N/A       12%         2
c - Blink                 Tloc           N/A        N/A       11%         2

Your spell library contained the following spells:

 Spells                   Type           Power      Damage    Failure   Level
 Call Imp                 Summ           9%         N/A       11%         2
 Conjure Flame            Conj/Fire      10%        6-21      22%         3
 Mephitic Cloud           Conj/Pois/Air  8%         N/A       26%         3


Dungeon Overview and Level Annotations

Branches:
Dungeon (3/15)

Altars:


Message History

The bat is moderately wounded.
The magic dart hits the bat.
You kill the bat!
The magic dart hits the worm.
The worm is moderately wounded.
The magic dart hits the worm.
The worm is moderately wounded.
The magic dart hits the worm but does no damage.
The worm is moderately wounded.
The magic dart hits the worm.
The worm is moderately wounded.
Your magical contamination has completely faded away.
The magic dart hits the worm.
The worm is heavily wounded.
The magic dart hits the worm.
The worm is severely wounded.
The magic dart hits the worm.
The worm is severely wounded.
The worm is no longer moving slowly.
The worm bites you.
You hit the worm.
The worm is severely wounded.
You barely miss the worm.
The worm is severely wounded.
The worm barely misses you.
You hit the worm but do no damage.
The worm is severely wounded.
You hit the worm but do no damage.
The worm is severely wounded.
The worm closely misses you.
You hit the worm but do no damage.
The worm is severely wounded.
The worm bites you.
You hit the worm.
The worm is severely wounded.
You hit the worm.
The worm is almost dead.
The worm bites you!
Ouch! That really hurt!
You die...

### ..# #######.#
#.......#
#......<########.
#.......#........
#........@w....".
#......#.....>...
#.......#........
#.........#######
#......##..
#...... #..#
#...... ##..
######. #..


You could see a worm.

Vanquished Creatures
  2 adders (D:2)
  A dart slug (D:1)
  4 ball pythons
  2 endoplasms (D:2)
  3 giant cockroaches
  4 goblins
  6 hobgoblins
  4 jackals (D:2)
  3 kobolds (D:1)
  4 bats
  A frilled lizard (D:2)
  6 rats
40 creatures vanquished.

Notes
Turn   | Place    | Note
-------+----------+-------------------------------------------
     0 | D:1      | horus123 the Deep Elf Hedge Wizard began the quest for the
                  | Orb.
     0 | D:1      | Reached XP level 1. HP: 10/10 MP: 7/7
   219 | D:1      | Reached skill level 5 in Spellcasting
   395 | D:1      | Reached XP level 2. HP: 15/15 MP: 7/10
   402 | D:1      | Learned a level 2 spell: Slow
   566 | D:1      | Found a faded altar of an unknown god.
   566 | D:1      | Noticed an eye of devastation
   612 | D:1      | Noticed an eye of devastation
   615 | D:1      | Noticed a great orb of eyes
   615 | D:1      | Noticed a golden eye
  1704 | D:2      | Reached XP level 3. HP: 19/19 MP: 2/11
  2568 | D:2      | Learned a level 2 spell: Blink
  2605 | D:3      | Slain by a worm

Illustrated notes

Levels and vault maps discovered:
D:1:      shiori_shiawase, layout_basic, hellmonk_ecumenical_altar_watching_god
D:2:      layout_basic
D:3:      layout_rooms, gammafunk_ghost_nasty_kobolds, minmay_joined_circles

Skill      XL: |  1  2  3 |
---------------+----------+-----
Spellcasting   | 5 |  5.8
Conjurations   | 2 |  2.3
Dodging        | |  2.4
Stealth        | |  2.7
Hexes          | |  0.9
Summonings     | |  1.1
Translocations | |  1.1

Action                   || total
-------------------------++-------
Melee: Dagger            ||    30
 Cast: Magic Dart        ||   103
       Slow              ||    19
  Use: Scroll            ||     1
Armor: Robe              ||     3
Dodge: Dodged            ||    28
